AoeStats
← bobozius

Arabia

508024135Analyzed
1v1 RM · 10d ago on Sep 20, 2026· 32m 26s· 2 players
Game mode
Random Map
Map size
Tiny (2 player)
Population
200
Speed
Normal
Resources
Standard
Victory
Conquest
Starting age
Dark Age
Ending age
Imperial Age
RankedLock teamsTeams togetherTeam positionsShared explorationLock speedFull tech treeHidden civsTurbo modeCheats
Victory
Defeat
🇩🇪 Vietnamese · Germany
527
+18
🇩🇪 Maya · Germany
565
-27
bobozius
11:54 Feudal Age
12:20 Double-Bit Axe
13:13 Wheelbarrow
16:26 Horse Collar
20:45 Castle Age
19:55 Stone Mining
20:59 Gold Mining
21:28 Heavy Plow
21:42 Bow Saw
22:22 Stone Shaft Mining
24:04 Hand Cart
25:03 Treadmill Crane
27:04 Town Watch
27:19 Elite Skirmisher
28:40 Padded Archer Armor
28:40 Scale Mail Armor
28:51 Forging
28:31 Fletching
29:54 Leather Archer Armor
30:22 Town Patrol
32:45 Bodkin Arrow
Sylanel
6:31 Loom
13:29 Feudal Age
14:52 Double-Bit Axe
16:05 Man-at-Arms
18:06 Wheelbarrow
17:59 Gold Mining
19:20 Town Watch
19:29 Horse Collar
21:20 Town Watch
24:04 Castle Age
22:07 Scale Mail Armor
22:08 Padded Archer Armor
22:54 Stone Mining
23:27 Fletching
23:47 Forging
25:14 Bow Saw
27:03 Stone Shaft Mining
28:08 Crossbowman
30:23 Thumb Ring
30:41 Long Swordsman
30:45 Eagle Warrior
Connection lost

Rejoining the realm…

Still unreachable

The connection could not be restored.

Session expired

The server has moved on; the page needs a fresh start.